 Dungeon Crawl Stone Soup version 0.29.1-2-gbd0b4ee654 (webtiles) character file.

Game seed: 2762257819520900085

240 sanboga the Chopper (level 5, 0/42 HPs)
             Began as a Demonspawn Berserker on Nov 28, 2022.
             Was a Believer of Trog.
             Slain by an orc
             ... wielding a +0 mace
              (6 damage)
             ... on level 4 of the Dungeon.
             The game lasted 00:03:23 (3696 turns).

sanboga the Chopper (Demonspawn Berserker)          Turns: 3696, Time: 00:03:24

Health: 0/42       AC:  9    Str: 20    XL:     5   Next: 80%
Magic:  5/5        EV: 10    Int:  8    God:    Trog [**....]
Gold:   221        SH:  0    Dex: 12    Spells: 4/4 levels left

rFire   . . .      SeeInvis .   a - +0 hand axe
rCold   . . .      Faith    .   (no shield)
rNeg    . . .      Spirit   .   q - +0 scale mail
rPois   .          Reflect  .   d - +2 helmet
rElec   .          Harm     .   (no cloak)
rCorr   .          Rampage  .   (no gloves)
Will    .....                   (no boots)
Stlth   ..........              (no amulet)
HPRegen 0.14/turn               (no ring)
MPRegen 0.09/turn               (no ring)

@: no status effects
A: claws 1
a: Renounce Religion, Berserk, Trog's Hand


You were on level 4 of the Dungeon.
You worshipped Trog.
Trog was pleased with you.
You visited 1 branch of the dungeon, and saw 4 of its levels.

You collected 221 gold pieces.

Inventory:

Hand Weapons
 a - a +0 hand axe (weapon)
 e - the +4 battleaxe "Jeukived" {antimagic, rN+}
   (You acquired it on level 2 of the Dungeon)

   It reduces the magical energy of the wielder, and disrupts the spells and
   magical abilities of those it strikes.
   Natural abilities and divine invocations are not affected.
   rN:        It protects you from negative energy.
Armour
 d - a +2 helmet (worn)
 q - a +0 scale mail (worn)
Jewellery
 s - a ring of fire
Wands
 h - a wand of iceblast (11)
 m - a wand of flame (12)
Scrolls
 b - a scroll of enchant armour
 n - a scroll of teleportation {unknown}
 o - a scroll of enchant weapon {unknown}
Potions
 c - a potion of lignification
 f - a potion of attraction {unknown}
 g - 3 potions of flight
 i - 2 potions of might
 j - a potion of curing {unknown}
 k - a potion of haste
 l - 2 potions of mutation
 r - a potion of heal wounds {unknown}


   Skills:
 + Level 3.9 Fighting
 * Level 4.4 Axes
 + Level 2.9 Armour
 - Level 1.7 Dodging
 + Level 1.9 Unarmed Combat


You had 4 spell levels left.
You didn't know any spells.
Your spell library was empty.

Dungeon Overview and Level Annotations

Branches:
Dungeon (4/15)
 Temple: D:4-7

Altars:
Ru


Innate Abilities, Weirdness & Mutations

You have sharp fingernails.


Message History

The orc hits you but does no damage.
The orc priest begins to cast a cantrip, but forgets the words!
You hit the orc.
The orc is almost dead.
The orc hits you but does no damage.
You hit the orc.
You kill the orc!
Trog accepts your kill.
You hit the orc but do no damage. You hit something.
The orc completely misses you. Something hits you but does no damage.
You hit the orc but do no damage. Your claw misses the orc.
You barely miss something. The orc closely misses you.
Something hits you but does no damage.
You hit the orc but do no damage. You hit something. The orc barely misses you.
Something hits you.
You hit the orc.
The orc is heavily wounded.
You hit something but do no damage. The orc hits you but does no damage.
Something hits you but does no damage.
The orc priest begins to cast a cantrip, but forgets the words!
You barely miss the orc.
The orc is heavily wounded.
You hit something but do no damage. The orc barely misses you.
Something hits you.
The orc priest mumbles some strange prayers to Beogh against you.
Beogh smites you!
You hit the orc but do no damage.
The orc is heavily wounded.
You miss something. The orc hits you but does no damage.
You hear some strange, mumbled words.
A puff of flame appears from out of thin air!
The puff of flame hits you.
The orc priest invokes the aid of Beogh against you.
Beogh smites you!
* * * LOW HITPOINT WARNING * * *
You are too injured to fight recklessly!
You are too injured to fight recklessly!
It was a potion of magic.
Magic courses through your body. The orc hits you with a +0 mace.
You die...

#.# #.### #.# #.#
######.# ##.###
#......## #.....
#.#####.#########..###
#......#...........##.
#
######..#########.###.
....####..# #.# #.
....oo{@..# #.# #<
###.####o## #.# #.
...# #.# #. .....#
#.###. ....... #.....
......### #####.
##...## #. .## #. ..


You could see an orc priest and 2 orcs.

Vanquished Creatures
  2 jellies (D:4)
  A hound (D:3)
  3 gnolls (D:2)
  5 adders
  3 dart slugs (D:2)
  6 orcs
  7 ball pythons
  7 endoplasms
  4 giant cockroaches
  4 goblins (D:1)
  4 hobgoblins
  3 quokkas
  5 bats
  5 kobolds
  6 rats
65 creatures vanquished.

Vanquished Creatures (others)
  4 plants (D:3)
4 creatures vanquished.

Grand Total: 69 creatures vanquished

Notes
Turn   | Place    | Note
-------+----------+-------------------------------------------
     0 | D:1      | sanboga the Demonspawn Berserker began the quest for the
                  | Orb.
     0 | D:1      | Reached XP level 1. HP: 18/18 MP: 1/1
    82 | D:1      | Reached skill level 3 in Axes
   177 | D:1      | Gained mutation: You have sharp fingernails. [demonic
                  | ancestry]
   177 | D:1      | Reached XP level 2. HP: 24/24 MP: 2/2
   327 | D:1      | Found a faded altar of an unknown god.
   750 | D:1      | Reached XP level 3. HP: 24/29 MP: 3/3
  1008 | D:2      | Reached ** piety under Trog
  1015 | D:2      | Reached skill level 1 in Unarmed Combat
  1015 | D:2      | Reached XP level 4. HP: 17/35 MP: 4/4
  1710 | D:2      | Identified a scroll of acquirement
  1710 | D:2      | Acquired the +4 battleaxe "Jeukived" {antimagic, rN+}
  1861 | D:3      | Found a sacrificial altar of Ru.
  2459 | D:3      | Reached skill level 4 in Axes
  2459 | D:3      | Reached XP level 5. HP: 42/42 MP: 5/5
  3696 | D:4      | Slain by an orc

Illustrated notes

Levels and vault maps discovered:
D:1:      pf_arrival_petrified_forest, layout_basic, basic_ecumenical_altar,
          minmay_box_of_dots
D:2:      layout_loops_ring
D:3:      layout_rooms, mainiacjoe_overflow_cross_hatched, serial_rivers,
          chequers_serial_rivers_small_b, chequers_serial_rivers_small_3,
          chequers_serial_rivers_micro_d, chequers_serial_rivers_small_3,
          chequers_serial_rivers_small_a, hex_intersection,
          minmay_misc_feat_four_crosses, kennysheep_generic_room_10
D:4:      layout_loops_ring, gammafunk_temple_overflow_forgotten

Skill      XL: |  1  2  3  4 |
---------------+-------------+-----
Axes           | 3 4 |  4.4
Armour         | 2 |  2.9
Unarmed Combat | 1 |  1.9
Fighting       | |  3.9
Dodging        | |  1.7

Action                   |  1- 3 |  4- 6 || total
-------------------------+-------+-------++-------
Melee: Hand axe          |    78 |   104 ||   182
       Punch             |     1 |     2 ||     3
       Battleaxe         |       |    17 ||    17
Invok: Berserk           |     1 |     2 ||     3
  Use: Scroll            |       |     9 ||     9
       Potion            |       |     1 ||     1
Armor: Animal skin       |    13 |    23 ||    36
       Scale mail        |       |    16 ||    16
Dodge: Dodged            |    73 |    75 ||   148
